 Dungeon Crawl Stone Soup version 0.24-a0-539-g6aae15eeb0 (webtiles) character file.

Game seed: 2178015077500917279

1516 Peloso the Carver (level 8, -15/70 HPs)
             Began as a Minotaur Fighter on Aug 17, 2019.
             Killed from afar by a steam dragon (16 damage)
             ... with a ball of steam
             ... on level 7 of the Dungeon.
             The game lasted 00:09:49 (3482 turns).

Peloso the Carver (Minotaur Fighter)                Turns: 3482, Time: 00:09:49

Health: -15/70     AC: 14    Str: 22    XL:     8   Next: 53%
Magic:  7/7        EV: 11    Int:  5    God:
Gold:   204        SH: 12    Dex: 16    Spells: 7/7 levels left

rFire    . . .     SeeInvis .   a - +0 long sword
rCold    . . .     Gourm    .   c - +1 shield
rNeg     . . .     Faith    .   d - +0 plate armour
rPois    .         Spirit   .   (helmet restricted)
rElec    .         Reflect  .   (no cloak)
rCorr    .         Harm     .   (no gloves)
MR       .....                  g - +1 pair of boots
Stlth    ..........             (no amulet)
HPRegen  0.21/turn              (no ring)
MPRegen  0.10/turn              (no ring)

@: agile
A: retaliatory headbutt, horns 2
a: no special abilities


You were on level 7 of the Dungeon.
You were not hungry.

You visited 1 branch of the dungeon, and saw 6 of its levels.

You collected 204 gold pieces.

Inventory:

Hand Weapons
 a - a +0 long sword (weapon)
 l - the +2 hunting sling "Guush" {flame, *Corrode rC+ Str+3 Dex+5, unknown}
   (You found it on level 4 of the Dungeon)

   It causes projectiles fired from it to burn those they strike, causing extra
   injury to most foes and up to half again as much damage against particularly
   susceptible opponents.
   It affects your strength (+3).
   It affects your dexterity (+5).
   It protects you from cold.
   It may corrode you when you take damage.
Armour
 b - a +0 scale mail
 c - a +1 shield (worn)
 d - a +0 plate armour (worn)
 g - a +1 pair of boots (worn)
Scrolls
 m - a scroll of amnesia
 q - 3 scrolls of identify
 r - 5 scrolls of remove curse
Potions
 h - a potion of resistance {unknown}
 i - a potion of invisibility {unknown}
 j - a potion of brilliance {unknown}
 k - 2 potions of mutation {unknown}
 o - a potion of haste
 s - a potion of magic {unknown}
Comestibles
 f - 10 rations
 t - 5 chunks of flesh


   Skills:
 + Level 5.7 Fighting
 + Level 8.3 Long Blades
 + Level 5.9 Armour
 + Level 2.9 Dodging
 + Level 0.6 Stealth
 + Level 7.5 Shields


You had 7 spell levels left.
You didn't know any spells.
Your spell library was empty.

Dungeon Overview and Level Annotations

Branches:
Dungeon (5/15)
 Temple: D:4-7

Altars:
Ashenzari
Cheibriados
Gozag
Kikubaaqudgha
Trog
Uskayaw

Annotations:
D:4 Prince Ribbit


Innate Abilities, Weirdness & Mutations

You reflexively headbutt those who attack you in melee.
You have a pair of horns on your head.


Message History

The fungus is engulfed in a cloud of scalding steam. x2
You block the steam dragon's attack. The steam dragon closely misses you. x2
You furiously retaliate!
You headbutt the steam dragon!
You riposte.
You slash the steam dragon!
The steam dragon is almost dead.
You block the steam dragon's attack.
You barely miss the steam dragon.
The steam dragon is severely wounded.
The fungus is engulfed in a cloud of scalding steam.
You block the steam dragon's attack. The steam dragon claws you.
* * * LOW HITPOINT WARNING * * *
The steam dragon bites you!
* * * LOW HITPOINT WARNING * * *
The steam dragon claws you but does no damage.
Your shield and plate armour prevent you from hitting the steam dragon.
The steam dragon is almost dead.
You block the steam dragon's attack. x2
The steam dragon breathes steam at you. The ball of steam hits you!
You die...

................
................
#####.............
###P≈P##.........###
#PP...^##.........#
##....$≈.#.........#
#≈P)...P.#.........#
#.P.D..^≈#.........#
#.P@≈.P##.........#
#PPDP.##.........##
##P§§#..........##
#§§§###.[.....##
#≈§.#.........##
#§.≈#..........#
#..P#.#........#
#P.P#.#........#
##.≈#.#.......##


You could see 2 steam dragons.

Vanquished Creatures
  Harold (D:7)
  An orc warrior (D:7)
  A phantom (D:4)
  A bullfrog (D:4)
  A crimson imp (D:5)
  An orc priest (D:3)
  6 orc wizards
  Natasha (twice) (D:4)
  3 worker ants (D:4)
  8 adders
  A shadow imp (D:5)
  5 oozes
  A worm (D:3)
  A dart slug (D:2)
  2 leopard geckos
  13 orcs
  A ball python (D:2)
  10 bats
  A bat zombie (D:2)
  9 giant cockroaches
  12 hobgoblins
  4 jackals (D:2)
  8 frilled lizards
  5 goblins
  7 kobolds
  9 rats
  2 rat zombies (D:2)
116 creatures vanquished.

Notes
Turn   | Place    | Note
-------+----------+-------------------------------------------
     0 | D:1      | Peloso the Minotaur Fighter began the quest for the Orb.
     0 | D:1      | Reached XP level 1. HP: 19/19 MP: 0/0
    80 | D:1      | Reached XP level 2. HP: 27/27 MP: 1/1
   369 | D:2      | Found a bloodstained altar of Trog.
   388 | D:2      | Reached XP level 3. HP: 33/33 MP: 2/2
   533 | D:2      | Reached skill level 3 in Long Blades
   851 | D:2      | Found a hide-covered altar of Uskayaw.
   935 | D:2      | Found an ancient bone altar of Kikubaaqudgha.
  1109 | D:2      | Reached XP level 4. HP: 40/40 MP: 3/3
  1158 | D:2      | Found an opulent altar of Gozag.
  1187 | D:2      | Found a snail-covered altar of Cheibriados.
  1410 | D:3      | Reached skill level 4 in Long Blades
  1603 | D:3      | Reached skill level 1 in Dodging
  1818 | D:3      | Reached XP level 5. HP: 25/46 MP: 4/4
  1821 | D:3      | Reached skill level 5 in Shields
  2212 | D:4      | Found a shattered altar of Ashenzari.
  2224 | D:4      | Noticed a phantom
  2311 | D:4      | Killed a phantom
  2311 | D:4      | Reached skill level 5 in Long Blades
  2311 | D:4      | Reached XP level 6. HP: 28/53 MP: 5/5
  2365 | D:4      | Got a pitted hunting sling
  2631 | D:4      | Noticed Natasha
  2636 | D:4      | Killed Natasha
  2695 | D:4      | Noticed Natasha
  2699 | D:4      | Killed Natasha
  2870 | D:5      | Entered Level 5 of the Dungeon
  2870 | D:5      | Noticed Prince Ribbit
  3006 | D:5      | Reached XP level 7. HP: 11/60 MP: 6/6
  3263 | D:5      | Reached skill level 6 in Long Blades
  3270 | D:5      | You fall into a shaft and drop 2 floors!
  3289 | D:7      | Reached skill level 5 in Armour
  3342 | D:7      | Noticed Harold
  3377 | D:7      | Reached skill level 5 in Fighting
  3380 | D:7      | Killed Harold
  3380 | D:7      | Reached skill level 8 in Long Blades
  3380 | D:7      | Reached XP level 8. HP: 36/70 MP: 7/7
  3481 | D:7      | HP: 1/70 [steam dragon (8)]
  3482 | D:7      | Killed from afar by a steam dragon

Levels and vault maps discovered:
D:1:      dpeg_arrival_rooms_c, layout_rooms, minmay_worlds_worst_comb
D:2:      minmay_evil_eye, layout_basic, lemuel_crystal_altar,
          eat_drink_and_be_merry_uskayaw, marbit_many_paths,
          lemuel_zombie_altar_kikubaaqudgha, lemuel_crystal_altar
D:3:      kennysheep_big_flooded_room, layout_basic, first_ration
D:4:      layout_loops_ring, evilmike_ruin_ashenzari, uniq_natasha
D:5:      layout_gridville, uniq_prince_ribbit1
D:7:      kennysheep_steamy, layout_rooms, makhleb_altar_promises_db,
          nicolae_overflow_crystal_walls, chequers_ossuary_entry_cave,
          uniq_harold

Skill      XL: |  1  2  3  4  5  6  7 |
---------------+----------------------+-----
Shields        | 4 5 6 7 |  7.5
Armour         | 4 5 |  5.9
Long Blades    | 3 4 5 8 |  8.3
Fighting       | 4 5 |  5.7
Dodging        | 1 2 |  2.9
Stealth        | |  0.6

Action                   |  1- 3 |  4- 6 |  7- 9 || total
-------------------------+-------+-------+-------++-------
Melee: Long sword        |   129 |   163 |   107 ||   399
       Headbutt          |    19 |    20 |    17 ||    56
  Use: Scroll            |     1 |     7 |     2 ||    10
       Potion            |       |     2 |     4 ||     6
  Eat: Chunk             |       |     3 |     3 ||     6
       Ration            |       |     1 |       ||     1
Armor: Scale mail        |    79 |    80 |    34 ||   193
       Plate armour      |       |       |    18 ||    18
       Skin              |       |       |     2 ||     2
Dodge: Dodged            |    41 |    50 |    31 ||   122
Block: Shield            |    85 |    93 |    58 ||   236
       Rpst.: Long sword |    10 |    14 |     9 ||    33

Table legend:
 A = Non-vault XP
 B = Vault XP
 C = Vault XP percentage of total XP
 D = Non-vault monster count
 E = Vault monster count
 F = Vault count percentage of total count
                 A         B        C        D         E       F
            +---------+---------+-------+---------+---------+-------
      Total |    1055 |    1111 |  51.3 |     101 |      15 |  12.9
            +---------+---------+-------+---------+---------+-------
        D:1 |      27 |       8 |  22.9 |      16 |       4 |  20.0
        D:2 |      56 |      15 |  21.1 |      29 |       7 |  19.4
        D:3 |     194 |      16 |   7.6 |      26 |       2 |   7.1
        D:4 |     376 |      33 |   8.1 |       9 |       1 |  10.0
        D:5 |     109 |       0 |   0.0 |       6 |       0 |   0.0
        D:7 |     293 |    1039 |  78.0 |      15 |       1 |   6.2
            +---------+---------+-------+---------+---------+-------
